Map: 亚历山大港 - 天梯版

Players

GogojOey

  • Race: Zerg Zerg

Toodming - Winner!

  • Race: Zerg Zerg
  • League: Gold

Event: WESG 2018 Grand Finals

VOD

Have the link to the VOD?

Description

Time

  • Played on: March 12, 2019, 9:19 a.m.
  • Length: 22:31

All games in this series

Show
View Real Time Build Order
Export as new Build Order

GogojOey Zerg 

Build Orders: Hatch First, Muta Ling Bane 

Get SALT Encoding   

  12  0:00  Drone  
  13  0:13  Overlord  
  13  0:18  Drone  
  14  0:31  Drone x2  
  14  0:34  Drone  
  17  0:53  Hatchery  
  17  0:56  Drone  
  17  0:59  Drone  
  18  1:10  Extractor  
  17  1:15  Spawning Pool  
  17  1:18  Drone  
  17  1:21  Drone  
  18  1:28  Drone  
  19  1:39  Overlord  
  19  1:50  Drone  
  20  2:00  Drone  
  21  2:01  Queen  
  21  2:05  Queen, Drone  
  26  2:10  Metabolic Boost  
  26  2:11  Drone  
  27  2:17  Drone  
  27  2:22  Drone  
  29  2:28  Drone  
  30  2:32  Zergling x2  
  31  2:37  Zergling x2  
  32  2:48  Queen  
  34  2:57  Overlord  
  34  2:58  Drone x2  
  36  3:08  Hatchery  
  36  3:09  Drone  
  36  3:12  Baneling Nest  
  35  3:14  Drone  
  35  3:16  Drone x3  
  40  3:20  Zergling x2  
  40  3:23  Zergling x4  
  42  3:28  Overlord  
  42  3:32  Evolution Chamber  
  41  3:35  Zergling x4  
  41  3:40  Overlord  
  41  3:41  Drone  
  44  3:48  Lair  
  44  3:51  Drone x2  
  46  3:55  Drone x2  
  46  3:57  Extractor  
  46  3:58  Extractor  
  46  3:59  Baneling x2  
  46  4:02  Drone x2  
  47  4:07  Zerg Melee Weapons Level 1  
  47  4:10  Drone x2  
  47  4:14  Drone x2  
  47  4:15  Drone  
  50  4:28  Extractor  
  49  4:32  Roach Warren  
  49  4:33  Drone x6  
  54  4:43  Zergling x6  
  57  4:48  Drone  
  57  4:50  Spire  
  57  4:55  Drone x3  
  57  4:58  Drone x2  
  61  5:05  Drone  
  61  5:06  Drone x3  
  61  5:07  Drone  
  64  5:09  Drone  
  64  5:10  Extractor  
  64  5:16  Overlord x2  
  64  5:21  Overlord  
  64  5:22  Drone  
  65  5:29  Drone  
  65  5:33  Overlord  
  65  5:34  Overlord x2  
  65  5:35  Overlord x2  
  65  5:39  Drone  
  65  5:40  Drone x2  
  65  5:41  Extractor  
  67  5:49  Drone x3  
  69  5:50  Drone x3  
  72  6:03  Mutalisk  
  72  6:04  Mutalisk x4  
  72  6:08  Zerg Flyer Weapons Level 1  
  72  6:11  Mutalisk x2  
  82  6:14  Mutalisk x2  
  90  6:19  Baneling x2  
  90  6:20  Mutalisk  
  90  6:22  Zergling x6  
  90  6:25  Baneling  
  95  6:31  Mutalisk  
  97  6:39  Drone x3  
  100  6:40  Drone  
  100  6:44  Mutalisk x2  
  105  6:51  Zerg Melee Weapons Level 2  
  105  6:55  Hatchery, Mutalisk  
  105  6:57  Zergling x2  
  105  6:58  Zergling x16  
  115  7:12  Mutalisk x2  
  115  7:14  Zergling x10  
  115  7:15  Zergling x2  
  124  7:23  Centrifical Hooks  
  124  7:24  Drone x2  
  125  7:34  Mutalisk x2  
  125  7:36  Zergling x4  
  126  7:45  Mutalisk x2  
  123  7:53  Drone x6  
  123  7:58  Drone x3  
  128  8:01  Overlord x2  
  128  8:02  Overlord  
  128  8:03  Overlord  
  128  8:08  Overlord x2  
  126  8:21  Mutalisk x6  
  134  8:30  Mutalisk  
  136  8:35  Overseer  
  136  8:38  Spine Crawler, Overseer  
  136  8:39  Spine Crawler  
  134  8:44  Drone x3  
  134  8:45  Drone  
  134  8:46  Drone x5  
  134  8:47  Queen, Infestation Pit, Drone x2  
  146  8:50  Spine Crawler, Extractor  
  146  8:52  Mutalisk x2  
  146  8:55  Zergling x8  
  151  9:02  Mutalisk x2  
  154  9:05  Zergling x2  
  154  9:06  Zergling x10  
  162  9:15  Drone x2  
  162  9:16  Spine Crawler, Drone x2  
  164  9:23  Zerg Flyer Weapons Level 2  
  164  9:24  Hive  
  164  9:25  Extractor  
  164  9:29  Zergling x20  
  169  9:39  Zergling x10  
  169  9:41  Baneling  
  169  9:42  Baneling x11  
  174  9:46  Zerg Ground Armor Level 1  
  174  9:57  Zergling x8  
  178  10:07  Hatchery  
  164  10:19  Zergling x2  
  164  10:20  Zergling x18  
  173  10:35  Baneling x7  
  173  10:36  Baneling x2, Mutalisk  
  173  10:38  Overlord  
  173  10:39  Overlord  
  175  10:44  Ultralisk Cavern  
  175  10:45  Overlord  
  175  10:47  Adrenal Glands  
  174  10:50  Baneling x3  
  174  10:51  Baneling x3  
  174  10:55  Drone x4  
  174  10:56  Drone  
  175  11:00  Pneumatized Carapace  
  175  11:02  Drone  
  176  11:07  Viper x3  
  185  11:15  Zergling x18  
  191  11:22  Overseer  
  191  11:24  Spine Crawler  
  186  11:25  Spine Crawler  
  182  11:34  Drone x6  
  182  11:35  Drone  
  182  11:38  Chitinous Plating  
  195  11:40  Ultralisk  
  195  11:42  Zergling x8  
  194  12:19  Zergling x2  
  194  12:20  Zergling x8  
  199  12:28  Zerg Melee Weapons Level 3  
  199  12:32  Evolution Chamber  
  199  12:35  Baneling  
  199  12:36  Baneling x8  
  198  12:39  Zergling x2  
  195  12:57  Anabolic Synthesis  
  160  13:01  Ultralisk x8  
  175  13:07  Zergling x16, Ultralisk  
  175  13:08  Zergling x2  
  175  13:10  Baneling x3  
  175  13:12  Zergling x2  
  188  13:21  Drone x3  
  189  13:29  Ultralisk  
  189  13:30  Zergling x6  
  189  13:32  Baneling x4  
  189  13:33  Baneling x3  
  184  13:39  Drone x4  
  184  13:40  Drone x2  
  190  13:48  Baneling x4  
  190  13:53  Ultralisk  
  190  14:07  Ultralisk  
  190  14:08  Zergling x4  
  193  14:20  Zergling x8  
  157  14:33  Zergling x2  
  157  14:34  Zergling x26  
  99  14:47  Zergling x4, Ultralisk x3  
  99  14:48  Zergling x2, Drone  
  118  15:03  Ultralisk  
  124  15:10  Overseer  
  124  15:11  Hatchery  
  123  15:18  Ultralisk  
  129  15:21  Baneling  
  129  15:22  Baneling x6  
  129  15:31  Viper x2  
  135  15:41  Drone x3  
  135  15:42  Drone x4  
  136  15:43  Drone  
  136  15:48  Drone  
  138  15:50  Drone x2  
  138  15:52  Drone x2  
  142  16:00  Zergling x6  
  145  16:10  Drone x5  
  145  16:11  Drone  
  151  16:13  Zergling x10  
  156  16:21  Overseer x2  
  156  16:25  Drone x5  
  154  16:26  Drone  
  155  16:39  Drone  
  157  16:40  Drone x3  
  157  16:44  Baneling x10  
  145  16:47  Ultralisk  
  128  17:14  Ultralisk x2  
  128  17:15  Zergling x12, Ultralisk  
  129  17:33  Hatchery  
  128  17:52  Ultralisk  
  128  17:53  Zergling x8, Ultralisk  
  128  17:54  Zergling x4  
  146  17:58  Zergling x4  
  146  18:04  Zergling x8  
  130  18:27  Drone x5  
  130  18:28  Drone x4  
  127  18:39  Ultralisk  
  133  18:54  Zergling x2  
  133  18:55  Zergling x14  
  141  19:01  Spine Crawler  
  140  19:05  Spine Crawler  
  140  19:07  Zergling x2  
  140  19:08  Baneling Nest  
  130  19:24  Spine Crawler  
  130  19:27  Spine Crawler  
  128  19:44  Hatchery  
  114  20:00  Drone  
  114  20:01  Drone x12  
  99  20:43  Zergling x18  
  99  20:44  Queen x2  
  111  20:52  Drone x2  
  111  20:56  Drone  
  112  21:05  Drone x2  
  112  21:06  Drone  
  112  21:07  Drone  
  104  21:19  Zergling x8  
  66  21:42  Zergling x20  
  66  21:45  Baneling  
  66  21:46  Baneling  
  58  21:47  Baneling x3  
  58  21:49  Baneling  
  56  21:56  Zergling x4  
Show
View Real Time Build Order
Export as new Build Order

Toodming Zerg - Winner!

Build Orders: Hatch First, Lurkers, Roach Hydra 

Get SALT Encoding   

  12  0:00  Drone  
  13  0:12  Overlord  
  13  0:18  Drone  
  14  0:31  Drone x2  
  16  0:50  Hatchery  
  16  0:53  Drone  
  16  0:56  Drone  
  17  1:02  Drone  
  18  1:09  Extractor  
  17  1:16  Spawning Pool  
  16  1:20  Drone  
  16  1:22  Drone  
  18  1:29  Drone  
  19  1:40  Drone  
  20  1:50  Overlord  
  20  2:03  Queen x2  
  20  2:04  Zergling x4  
  26  2:11  Drone  
  26  2:13  Drone  
  28  2:19  Metabolic Boost  
  29  2:22  Drone  
  29  2:26  Drone  
  30  2:38  Hatchery  
  30  2:42  Drone  
  30  2:48  Baneling Nest  
  29  2:53  Drone  
  29  2:56  Overlord  
  30  3:00  Drone x2  
  30  3:03  Drone  
  30  3:05  Drone  
  34  3:09  Zergling x2  
  35  3:13  Zergling x2  
  35  3:16  Drone x2  
  38  3:20  Drone  
  38  3:21  Drone  
  40  3:27  Evolution Chamber  
  40  3:29  Drone  
  40  3:36  Drone  
  41  3:42  Overlord  
  41  3:45  Drone x2  
  43  3:49  Baneling x2  
  43  3:53  Zerg Missile Weapons Level 1  
  43  3:55  Overlord  
  43  3:56  Drone x4  
  43  3:57  Drone  
  43  4:01  Queen  
  50  4:09  Overlord  
  50  4:11  Baneling  
  50  4:12  Baneling  
  50  4:15  Zergling x6  
  50  4:16  Zergling x4  
  55  4:22  Overlord  
  54  4:27  Roach Warren, Extractor  
  54  4:28  Extractor  
  54  4:30  Baneling x2  
  51  4:35  Drone x5  
  56  4:42  Drone x2  
  56  4:43  Drone  
  59  4:52  Lair  
  58  5:02  Drone  
  58  5:03  Drone x3  
  58  5:04  Overlord  
  58  5:05  Drone x3  
  58  5:06  Drone x2  
  67  5:08  Pneumatized Carapace  
  67  5:10  Drone x2  
  68  5:18  Drone x2  
  68  5:19  Drone  
  71  5:21  Extractor  
  71  5:22  Drone x2  
  72  5:30  Drone x8  
  72  5:34  Extractor  
  79  5:39  Overlord  
  78  5:48  Overlord  
  78  5:50  Zerg Missile Weapons Level 2, Glial Reconstitution  
  78  5:52  Overseer  
  78  5:53  Evolution Chamber  
  78  5:55  Drone  
  78  5:56  Roach x2  
  78  5:57  Roach x3  
  86  5:59  Roach  
  86  6:03  Extractor  
  89  6:07  Baneling  
  89  6:08  Overlord x2, Roach x2  
  89  6:10  Roach  
  95  6:16  Roach  
  95  6:17  Roach x2  
  101  6:27  Zerg Ground Armor Level 1  
  101  6:28  Overlord x4  
  101  6:34  Hatchery  
  100  6:40  Spore Crawler  
  100  6:41  Spore Crawler  
  100  6:42  Spore Crawler  
  100  6:45  Hydralisk Den  
  96  6:48  Overlord x3  
  96  6:50  Drone  
  96  6:51  Drone x3  
  100  7:00  Spore Crawler, Burrow  
  97  7:02  Spore Crawler  
  96  7:09  Tunneling Claws  
  96  7:18  Grooved Spines, Hydralisk x6  
  96  7:21  Hydralisk  
  110  7:28  Drone  
  110  7:29  Drone x5  
  110  7:34  Overlord  
  110  7:35  Overlord  
  109  7:48  Lurker Den  
  109  7:49  Hydralisk  
  109  7:50  Hydralisk x2  
  109  7:51  Spore Crawler, Hydralisk  
  107  7:55  Drone x3  
  107  7:56  Drone  
  107  7:57  Drone  
  106  8:05  Roach x5  
  106  8:12  Hydralisk x3  
  106  8:16  Hydralisk  
  114  8:25  Hydralisk x2  
  114  8:26  Hydralisk x3  
  124  8:28  Overlord  
  124  8:31  Hydralisk x4  
  126  8:40  Muscular Augments  
  126  8:44  Roach x3  
  126  8:48  Drone x2  
  128  8:51  Roach x3  
  128  8:56  Roach x3  
  128  8:57  Roach  
  136  9:03  Spore Crawler x2, Hatchery  
  127  9:15  Roach x6  
  127  9:16  Roach x2  
  141  9:18  Lurker  
  141  9:19  Lurker x2  
  141  9:20  Lurker x2  
  141  9:22  Roach x4  
  146  9:29  Overlord x2  
  146  9:30  Overlord x3, Spore Crawler  
  145  9:32  Infestation Pit  
  145  9:35  Roach  
  146  9:48  Overlord  
  146  9:49  Hydralisk x4  
  146  9:50  Hydralisk x2  
  158  9:55  Roach x3  
  158  9:56  Roach  
  158  9:58  Hydralisk x3  
  158  9:59  Overlord  
  164  10:02  Hydralisk  
  164  10:03  Hydralisk  
  162  10:08  Hydralisk  
  162  10:09  Hydralisk  
  162  10:13  Drone x2  
  166  10:21  Hive  
  166  10:24  Drone x2  
  166  10:25  Drone x2  
  168  10:31  Roach x3  
  168  10:34  Drone x6  
  174  10:51  Spore Crawler  
  174  10:52  Spore Crawler x2  
  171  10:59  Roach x3, Spore Crawler  
  171  11:00  Spore Crawler x2, Drone x3  
  171  11:08  Lurker x2  
  171  11:10  Roach x4  
  181  11:12  Extractor  
  181  11:13  Drone x2  
  181  11:16  Spore Crawler  
  181  11:18  Spore Crawler  
  180  11:30  Roach x3  
  180  11:35  Viper x3  
  180  11:36  Viper  
  180  11:38  Zerg Missile Weapons Level 3  
  180  11:39  Queen  
  194  11:43  Extractor  
  194  11:45  Queen  
  195  12:04  Roach x7  
  195  12:12  Roach  
  195  12:13  Roach  
  193  12:33  Lurker  
  193  12:34  Lurker  
  195  12:37  Hydralisk x2  
  195  12:43  Roach  
  197  12:55  Hatchery  
  158  13:07  Roach x11  
  180  13:17  Lurker x8  
  188  13:21  Queen x2  
  192  13:28  Roach x4  
  198  13:35  Roach  
  198  13:36  Roach x8  
  200  13:48  Hatchery  
  199  14:05  Lurker x2  
  183  14:17  Hydralisk  
  183  14:18  Hydralisk x5  
  183  14:22  Hydralisk  
  183  14:23  Hydralisk  
  171  14:31  Hydralisk  
  171  14:32  Hydralisk x2  
  171  14:34  Hydralisk x12  
  171  14:35  Roach, Hydralisk x2  
  168  14:44  Roach x2  
  152  14:47  Roach  
  152  14:48  Roach  
  150  14:56  Roach  
  150  14:57  Roach x4  
  150  14:58  Roach  
  162  15:01  Lurker x3  
  162  15:05  Drone x3  
  168  15:08  Roach x2  
  168  15:09  Roach  
  168  15:10  Zerg Ground Armor Level 2  
  174  15:14  Roach  
  174  15:16  Roach x4  
  174  15:18  Roach x2  
  182  15:22  Roach  
  182  15:23  Roach x6  
  182  15:24  Roach x2  
  194  16:00  Roach x3  
  194  16:01  Roach  
  194  16:05  Lurker x4  
  194  16:06  Lurker  
  199  16:14  Extractor  
  199  16:15  Extractor  
  199  16:16  Roach x10  
  189  16:39  Hydralisk x5  
  183  16:47  Roach  
  183  16:48  Hydralisk x8  
  197  17:06  Hydralisk x2  
  193  17:12  Roach x5  
  193  17:13  Roach x3  
  193  17:15  Lurker x8  
  164  17:16  Roach x3  
  164  17:17  Roach  
  164  17:19  Roach  
  164  17:20  Roach  
  164  17:21  Drone x4  
  154  17:25  Roach x5  
  154  17:28  Roach x2  
  154  17:29  Roach  
  170  17:32  Roach x3  
  170  17:36  Drone  
  170  17:37  Drone x2  
  179  17:42  Hydralisk x2  
  183  17:45  Roach x3  
  183  17:50  Hatchery  
  188  17:52  Roach x2  
  188  17:53  Roach x3  
  198  17:58  Roach x11  
  198  18:01  Roach  
  196  18:28  Roach x3  
  196  18:29  Roach  
  196  18:36  Lurker  
  196  18:37  Lurker x4  
  185  18:41  Hydralisk  
  185  18:42  Roach x7, Hydralisk x6  
  185  18:46  Roach x3  
  193  19:19  Lurker  
  193  19:20  Lurker  
  189  19:26  Hydralisk  
  189  19:27  Hydralisk x3  
  189  19:28  Lurker  
  189  19:29  Lurker  
  199  19:32  Roach x9  
  199  19:46  Spine Crawler  
  199  19:47  Spine Crawler  
  199  19:52  Roach  
  191  20:10  Roach  
  191  20:11  Roach x3  
  181  20:25  Roach  
  173  20:30  Hydralisk x15  
  173  20:32  Roach x11  
  173  20:33  Roach x2, Hydralisk x5  
  173  20:34  Hydralisk  
  173  20:35  Hydralisk  
  197  20:38  Roach  
  197  20:39  Roach x2  
  197  20:42  Roach  
  178  20:45  Roach  
  178  20:48  Roach  
  172  21:00  Roach, Hatchery  
  172  21:03  Hydralisk  
  173  21:08  Roach x6  
  173  21:10  Roach  
  187  21:12  Roach  
  187  21:16  Roach  
  187  21:17  Roach  
  187  21:18  Roach x23  
  189  21:38  Roach  
  189  21:39  Roach x8  
  175  21:40  Roach  
  175  21:43  Roach  
  175  21:44  Roach  
  173  21:53  Roach  
  175  21:54  Roach x2  
  175  21:57  Roach x2  
  175  21:58  Roach  
  183  22:01  Roach  
  185  22:10  Roach x4  
Tags
 
Add a new tag
Caveats
  • Supply blocks, unpowered buildings, or Contaminate may cause inaccurate times.
  • Supply counts are checked every 10 seconds.